[Event "*** Titled Tuesday Blitz"]
[Site "Chess.com"]
[Date "2020.12.29"]
[Round "1"]
[White "Brave_spirit12"]
[Black "Chess2019Player"]
[Result "1-0"]
[WhiteElo "2541"]
[BlackElo "2217"]
[TimeControl "180+1"]
[EndTime "10:07:19 PST"]
[Termination "Brave_spirit12 won by resignation"]

1. e4 c5 2. c3 e6 3. d4 d5 4. exd5 Qxd5 5. Nf3 Nc6 6. Be2 Nf6 7.
Be3 cxd4 8. cxd4 Bb4+ 9. Nc3 O-O 10. O-O Qd6 11. Rc1 a6 12. Qa4 Bd7 13. Qc2 Rac8 14.
Bd3 Ne7 15. Ne5 Ned5 16. Qb3 Bc6 17. Rfd1 b5 18. Ne4 Nxe4 19. Bxe4 Bb7 20. Qd3 g6 21.
Bh6 Rfd8 22. a3 Ba5 23. Qf3 Qe7 24. g3 Bb6 25. Rxc8 Rxc8 26. h4 f6 27. Nd3 f5 28.
Bxd5 Bxd5 29. Qe2 Bxd4 30. Nf4 Qf6 31. Nxd5 exd5 32. Qf3 Rd8 33. Bg5 Qe5 34. Bxd8 Bxb2 35. Qxd5+ 1-0

[Event "*** Titled Tuesday Blitz"]
[Site "Chess.com"]
[Date "2020.12.29"]
[Round "1"]
[White "Slovak_fighter2000"]
[Black "Bigfish1995"]
[Result "0-1"]
[WhiteElo "2474"]
[BlackElo "3003"]
[TimeControl "180+1"]
[EndTime "10:07:20 PST"]
[Termination "Bigfish1995 won by resignation"]

1. d4 Nf6 2. Nf3 c5 3. c3 e6 4. Bf4 Nc6 5. e3 Be7 6. Nbd2 Nh5 7. Bg3 O-O 8. Bd3 g6 9. Qe2 b6 10. a3 Bb7 11. O-O d6 12. e4 Nxg3 13. hxg3 Bf6 14. Qe3 Bg7 15. Rad1 Qe7 16. Rfe1 Rfd8 17. Bb1 b5 18. e5 dxe5 19. dxe5 c4 20. a4 a6 21.
axb5 axb5 22. Qb6 Rdb8 23. Qxb5 Na5 24. Qb4 Qe8 25. Qc5 Bxf3 26. gxf3 Rb5 27. Qd4 Rd8 28. Qe4 Rbd5 29. Qc2 Qd7 30. Re2 Nb3 31. Nxc4 Rxd1+ 32. Kg2 Na1 33. Qe4 Qd5 34. Ne3 Qxe4 35. Bxe4 R1d2 36. Rxd2 Rxd2 37. Nc4 Rd8 38. f4 Nb3 39. Kf3 Nd2+ 40. Nxd2 Rxd2 41. b4 Bf8 42. Ke3 Rb2 43. Bc6 Be7 44.
f3 h5 45. b5 Bc5+ 46. Kd3 Rg2 47. Kc4 Bb6 48. f5 gxf5 0-1

[Event "*** Titled Tuesday Blitz"]
[Site "Chess.com"]
[Date "2020.12.29"]
[Round "1"]
[White "Everyfishknows"]
[Black "swimmerchess"]
[Result "0-1"]
[WhiteElo "2423"]
[BlackElo "2815"]
[TimeControl "180+1"]
[EndTime "10:07:20 PST"]
[Termination "swimmerchess won by resignation"]

1. d4 Nf6 2. c4 g6 3. Nc3 Bg7 4. e4 O-O 5. Nf3 d6 6. Be2 e5 7. O-O Nc6 8. Be3 Re8 9. dxe5 Nxe5 10. Nxe5 dxe5 11. Qxd8 Rxd8 12. Rfd1 Be6 13. Nd5 Rd7 14. f3 c6 15. Nxf6+ Bxf6 16. Rxd7 Bxd7 17. Rd1 Be6 18. Kf2 Bh4+ 19. g3 Be7 20. a3 a5 21.
c5 a4 22. Rc1 f5 23. Bc4 Kf7 24. Bxe6+ Kxe6 25. Rc4 Ra5 26. Ke2 h5 27. h3 f4 28.
gxf4 exf4 29. Bf2 g5 30. Rb4 Rb5 31. Kd3 Bf6 32. Bd4 Bxd4 33. Kxd4 Rxb4+ 34. axb4 Kf6 35. Kd3 Ke5 36. Ke2 Kd4 37. Kf2 Kc4 38. Ke2 Kxb4 39. Kd3 Kxc5 40. Kc3 b5 0-1

[Event "*** Titled Tuesday Blitz"]
[Site "Chess.com"]
[Date "2020.12.29"]
[Round "1"]
[White "CSB7"]
[Black "Chessbard1972"]
[Result "1-0"]
[WhiteElo "2632"]
[BlackElo "2323"]
[TimeControl "180+1"]
[EndTime "10:07:20 PST"]
[Termination "CSB7 won on time"]

1. e4 e5 2. Nf3 Nc6 3. Nc3 Nf6 4. d4 exd4 5. Nxd4 Bb4 6. Nxc6 bxc6 7. Bd3 d5 8. exd5 cxd5 9. O-O O-O 10. h3 h6 11.
Qf3 c6 12. Bf4 Bd6 13. Rfe1 Bxf4 14. Qxf4 a5 15. Ne2 c5 16. Ng3 Be6 17. Bf5 Qd7 18. Re5 Rab8 19. Rae1 Rfe8 20. Rxe6 fxe6 21. Bxe6+ Kh8 22.
Bxd7 Rxe1+ 23. Kh2 Nxd7 24. Qd6 Rd8 25. Qxd5 Ree8 26. Qb7 Nf6 27. Nf5 Rd7 28. Qc6 Re5 29.
g4 Kh7 30. Kg3 Red5 31. f3 Ng8 32. h4 g6 33. Ne3 R7d6 34. Qxd5 Rxd5 35. Nxd5 1-0

[Event "*** Titled Tuesday Blitz"]
[Site "Chess.com"]
[Date "2020.12.29"]
[Round "1"]
[White "Orest_Vovk"]
[Black "Margarita2907"]
[Result "1-0"]
[WhiteElo "2527"]
[BlackElo "2187"]
[TimeControl "180+1"]
[EndTime "10:07:20 PST"]
[Termination "Orest_Vovk won by resignation"]

1. e4 c5 2. g3 d5 3. exd5 Qxd5 4. Nf3 Nf6 5. Bg2 Qd8 6. O-O e6 7. d4 cxd4 8. Qxd4 Qxd4 9. Nxd4 a6 10. Nc3 Bc5 11.
Nb3 Bb6 12. Re1 O-O 13. Be3 Bxe3 14. Rxe3 Nbd7 15. Rd1 Rb8 16. Na4 b5 17. Nac5 Nxc5 18. Nxc5 Nd5 19. Bxd5 exd5 20. Rxd5 Bb7 21. Nxb7 Rxb7 22.
Rd6 a5 23. b3 a4 24. bxa4 bxa4 25. Ra3 Rc7 26. c3 Rc4 27. Ra6 g6 28. R6xa4 Rfc8 29. Rxc4 Rxc4 30. Rb3 Ra4 31. a3 Kf8 32. f3 Ke7 33.
Kf2 Kd6 34. Ke3 Kc5 35. Kd3 h5 36. Rb7 Rxa3 37. Rxf7 Ra2 38. Rg7 Rxh2 39. Rxg6 h4 40. gxh4 Rxh4 41. Rg4 Rh3 42. Rf4 Rh1 43. c4 Rd1+ 44.
Ke3 Ra1 45. Re4 Ra3+ 46. Kf4 Rc3 47. Kg4 Kd6 48. f4 Rc1 49. Kg5 Rg1+ 50. Kf6 Rf1 51. f5 Ra1 52. Kg6 Kd7 53. f6 Ra6 54. Kg7 Kd8 55.
f7 1-0

[Event "*** Titled Tuesday Blitz"]
[Site "Chess.com"]
[Date "2020.12.29"]
[Round "1"]
[White "ChrisTool2"]
[Black "TheBigBoss04"]
[Result "0-1"]
[WhiteElo "2383"]
[BlackElo "2718"]
[TimeControl "180+1"]
[EndTime "10:07:21 PST"]
[Termination "TheBigBoss04 won on time"]

1. d4 Nf6 2. c4 e6 3. Nf3 b6 4. a3 Bb7 5. Nc3 d5 6. Qc2 Nbd7 7. cxd5 exd5 8. Bg5 a6 9. e3 h6 10. Bh4 Bd6 11.
Bd3 O-O 12. O-O c5 13. dxc5 bxc5 14. Rfd1 Qe7 15. Bh7+ Kh8 16. Bf5 Nb6 17. a4 g6 18.
a5 Nc4 19. Nxd5 Bxd5 20. Rxd5 Ne5 21. Rad1 Nxf3+ 22. gxf3 Rad8 23. Qc3 Kg7 24. Bc2 g5 25. Bg3 Bxg3 26. hxg3 Rxd5 27. Rxd5 Rc8 28. Rf5 Rc6 29. Kg2 Kg8 30. Re5 Qd6 31. Bb1 c4 32. Qc2 Qxe5 33. Qd2 c3 34. bxc3 Qxc3 35. Qd8+ Kg7 36. Bf5 Qc5 37. g4 Qd6 38. Qa8 Rc5 0-1

[Event "*** Titled Tuesday Blitz"]
[Site "Chess.com"]
[Date "2020.12.29"]
[Round "1"]
[White "leejunhyeok"]
[Black "theturtlemoves"]
[Result "1-0"]
[WhiteElo "2711"]
[BlackElo "2376"]
[TimeControl "180+1"]
[EndTime "10:07:21 PST"]
[Termination "leejunhyeok won on time"]

1. e4 e5 2. Nf3 Nc6 3. Bc4 Nf6 4. d3 Bc5 5. O-O O-O 6. a4 a5 7. Bg5 h6 8. Bh4 g5 9. Bg3 d6 10. c3 Bg4 11. Na3 Ne7 12. d4 Bxa3 13. Rxa3 Ng6 14. Qd3 Qe7 15. Re1 Nh5 16. Nd2 Nhf4 17. Qb1 Kh8 18.
Bf1 h5 19. f3 Bd7 20. Nc4 h4 21. Bf2 g4 22. fxg4 Bxg4 23. Ne3 Qg5 24. Kh1 Bd7 25.
Nf5 Rg8 26. c4 Bxf5 27. exf5 Ne7 28. g3 hxg3 29. Rxg3 Qh5 30. dxe5 Nxf5 31. Rxg8+ Rxg8 32. Qe4 Qg4 33. exd6 Nxd6 34. Bd4+ 1-0

[Event "*** Titled Tuesday Blitz"]
[Site "Chess.com"]
[Date "2020.12.29"]
[Round "1"]
[White "queen_iryna"]
[Black "gahryman"]
[Result "0-1"]
[WhiteElo "2355"]
[BlackElo "2686"]
[TimeControl "180+1"]
[EndTime "10:07:21 PST"]
[Termination "gahryman won by resignation"]

1. e4 c5 2. Nf3 e6 3. c4 Nc6 4.
Nc3 Nf6 5. Be2 a6 6. O-O Qc7 7. d4 cxd4 8. Nxd4 Nxd4 9. Qxd4 Bc5 10. Qd1 h5 11. Bg5 Ng4 12. Bxg4 hxg4 13. g3 Qe5 14.
Qxg4 b6 15. Bf4 Qh5 16. Qxh5 Rxh5 17. Rad1 Bb7 18. Rfe1 O-O-O 19. Na4 Bc6 20. Nxc5 bxc5 21. a3 f6 22. Bd6 Rdh8 23. h4 g5 24. hxg5 fxg5 25.
Kf1 g4 26. Re3 R8h7 27. Ke2 Rf7 28. Rf1 a5 29. b4 cxb4 30. axb4 axb4 31. Bxb4 d5 32.
cxd5 Bb5+ 33. Ke1 Bxf1 34. Kxf1 exd5 35. exd5 Rxd5 36. Re8+ Kb7 37. Re7+ Rxe7 38. Bxe7 Kc6 39. Bg5 Rd3 40. Be3 Kd5 41. Ke2 Ke4 42. Bb6 Rb3 43. Be3 Rb2+ 44. Ke1 Kf3 45. Bc5 Rc2 46. Be3 Re2+ 47. Kf1 Rxe3 48. fxe3 Kxe3 49. Kg2 Ke2 50. Kg1 Kf3 51. Kh2 Kf2 52. Kh1 Kxg3 53. Kg1 Kh3 54. Kh1 g3 55. Kg1 g2 0-1

[Event "*** Titled Tuesday Blitz"]
[Site "Chess.com"]
[Date "2020.12.29"]
[Round "1"]
[White "SamuelGhimpu2003"]
[Black "Blitzking642"]
[Result "1-0"]
[WhiteElo "2603"]
[BlackElo "2307"]
[TimeControl "180+1"]
[EndTime "10:07:21 PST"]
[Termination "SamuelGhimpu2003 won by resignation"]

1. d4 Nf6 2. c4 c5 3. d5 b5 4. cxb5 a6 5. bxa6 g6 6. Nc3 Bxa6 7. e4 Bxf1 8. Kxf1 d6 9. a4 Bg7 10. Nf3 O-O 11. g3 Qb6 12. Kg2 Na6 13. Qe2 Nc7 14. Bd2 Rfb8 15. Rhb1 Qa6 16. Qxa6 Rxa6 17. Ra3 Nd7 18.
Kf1 Rab6 19. b3 c4 20. b4 Rxb4 21. Rxb4 Rxb4 22. Ke2 Rb2 23. Kd1 Nc5 24. Be3 Nb3 25.
Nb5 Na6 26. e5 dxe5 27. Nd2 Nxd2 28. Bxd2 e4 29. Nc3 f5 30. a5 Rb3 31. Rxb3 cxb3 32. Na4 Kf7 33. Kc1 e6 34. d6 Ke8 35. Nb6 b2+ 36.
Kb1 Kd8 37. Bg5+ Ke8 38. d7+ 1-0

[Event "*** Titled Tuesday Blitz"]
[Site "Chess.com"]
[Date "2020.12.29"]
[Round "1"]
[White "Vamostodorecto"]
[Black "Keranke"]
[Result "0-1"]
[WhiteElo "2425"]
[BlackElo "2819"]
[TimeControl "180+1"]
[EndTime "10:07:23 PST"]
[Termination "Keranke won by resignation"]

1. d4 g6 2. c4 Bg7 3. e4 d6 4. Nc3 Nc6 5. Be3 e5 6. d5 Nce7 7. Qd2 f5 8. f3 Nf6 9. Bd3 O-O 10. Nge2 Bd7 11. O-O f4 12. Bf2 g5 13. c5 a6 14.
Rac1 Ng6 15. Bc4 Kh8 16. b4 g4 17. Kh1 Nh5 18. fxg4 Bxg4 19. Ng1 Bf6 20. Be2 Bxe2 21.
Qxe2 Ng7 22. Nf3 Rg8 23. Na4 Qe8 24. Qc2 Nh5 25. cxd6 cxd6 26. Nb6 Rd8 27. Qe2 Ne7 28. Rc7 Qg6 29. Bh4 Bxh4 30. Nxh4 Qg5 31. Nf3 Qh6 32.
Kg1 Rg7 33. Rf2 Ng6 34. Qc4 Rdg8 35. Rxg7 Qxg7 36. Ng5 Nh4 37. Ne6 Qg4 38. Qf1 f3 39. g3 Nxg3 40. hxg3 Qxg3+ 41. Kh1 Rg6 42. Rh2 Qg2+ 43. Rxg2 fxg2+ 44. Kg1 gxf1=Q+ 45. Kxf1 Nf3 46. Nc8 Nd2+ 47. Ke2 Nxe4 48. Ke3 Nc3 49. Nxd6 Nxd5+ 50. Ke4 Rxe6 51. Kxd5 Rxd6+ 52. Kxd6 e4 0-1

[Event "*** Titled Tuesday Blitz"]
[Site "Chess.com"]
[Date "2020.12.29"]
[Round "1"]
[White "PabloZarnicki"]
[Black "Schwindle"]
[Result "1-0"]
[WhiteElo "2562"]
[BlackElo "2259"]
[TimeControl "180+1"]
[EndTime "10:07:23 PST"]
[Termination "PabloZarnicki won by checkmate"]

1. e4 c5 2. Nf3 e6 3. c3 d5 4.
exd5 exd5 5. d4 Nf6 6. Bb5+ Bd7 7. Bxd7+ Nbxd7 8. O-O Be7 9. dxc5 Nxc5 10. Nbd2 O-O 11. Nb3 Ne6 12. Nfd4 Nxd4 13. Nxd4 Qd7 14. Qf3 Ne4 15. Be3 Bc5 16. Rad1 Rad8 17. Nf5 Bxe3 18. Nxe3 Qb5 19. c4 Qxb2 20. cxd5 Nc3 21. Rd3 Nxa2 22.
Nf5 Qf6 23. d6 Nb4 24. Rd4 Nc6 25. Rg4 Ne5 26. Ne7+ Kh8 27. Qxf6 gxf6 28. Rd4 Rfe8 29. f4 Nc6 30. Nxc6 bxc6 31. Rc1 Re2 32. Rxc6 Kg7 33. h3 a5 34. Ra6 Ra2 35. f5 Rd7 36. Rg4+ Kh6 37. Rc6 a4 38. Rc8 a3 39. Rcg8 Kh5 40.
R4g7 Kh6 41. Kh2 Rxd6 42. Rg4 Kh5 43. R8g7 Kh6 44. Rxf7 Rdd2 45. Rfg7 Rab2 46. Rg8 Kh5 47. R8g7 Kh6 48. Rf7 Kh5 49. Rxh7# 1-0

[Event "*** Titled Tuesday Blitz"]
[Site "Chess.com"]
[Date "2020.12.29"]
[Round "1"]
[White "Sharpchess22"]
[Black "PowerThinking2650"]
[Result "1-0"]
[WhiteElo "2809"]
[BlackElo "2420"]
[TimeControl "180+1"]
[EndTime "10:07:24 PST"]
[Termination "Sharpchess22 won by resignation"]

1. c4 Nf6 2. Nc3 g6 3. Nf3 Bg7 4. g3 O-O 5. Bg2 d6 6. O-O e5 7. d4 Nbd7 8. h3 exd4 9. Nxd4 Re8 10. Qc2 c6 11. e3 Nb6 12. b3 d5 13. Rd1 Qe7 14.
cxd5 Nbxd5 15. Nxd5 Nxd5 16. Bb2 h5 17. a3 h4 18. g4 Bd7 19. Rac1 Rad8 20. b4 Bc8 21.
Nf3 Bxb2 22. Qxb2 Nf6 23. Rxd8 Rxd8 24. b5 cxb5 25. Qxb5 Qxa3 26. Re1 Ne4 27. Nd4 Qc3 28. Rd1 Nd6 29. Qg5 Re8 30. Qxh4 Nc4 31. Nf3 Qg7 32. Qg5 Ne5 33. Nxe5 Qxe5 34. Qxe5 Rxe5 35. Rd8+ Kg7 36. Rxc8 Rb5 37. Rc7 a5 38. Rxb7 Rc5 39. Ra7 1-0

[Event "*** Titled Tuesday Blitz"]
[Site "Chess.com"]
[Date "2020.12.29"]
[Round "1"]
[White "Agent-JL"]
[Black "petrpalachev"]
[Result "1/2-1/2"]
[WhiteElo "2383"]
[BlackElo "2698"]
[TimeControl "180+1"]
[EndTime "10:07:24 PST"]
[Termination "Game drawn by repetition"]

1. d4 Nf6 2. c4 e6 3. Nf3 d5 4.
Nc3 c6 5. cxd5 exd5 6. Bf4 Bd6 7.
Ne5 O-O 8. e3 Bf5 9. Bd3 Bxd3 10. Nxd3 Re8 11. O-O Bxf4 12. exf4 a5 13. Re1 Nbd7 14.
Na4 Qc7 15. f3 Rxe1+ 16. Qxe1 Re8 17. Qd2 h5 18. Rc1 g6 19. f5 Kg7 20. Re1 Rxe1+ 21. Qxe1 Qd8 22. fxg6 fxg6 23. Nac5 Nxc5 24. Nxc5 Kh6 25.
Qe3+ Kh7 26. Nxb7 Qd7 27. Nxa5 Qf5 28. h3 h4 29. Nxc6 Nh5 30. Qe7+ Kh6 31. Qxh4 Qc2 32.
Ne5 Qd1+ 33. Kh2 Qd2 34. Qg4 Nf4 35. Qh4+ Nh5 36. Qg4 Nf4 37. Kg3 Ne2+ 38. Kh2 Nf4 1/2-1/2

[Event "*** Titled Tuesday Blitz"]
[Site "Chess.com"]
[Date "2020.12.29"]
[Round "1"]
[White "atalz0"]
[Black "Kiborg95"]
[Result "1-0"]
[WhiteElo "2370"]
[BlackElo "2667"]
[TimeControl "180+1"]
[EndTime "10:07:24 PST"]
[Termination "atalz0 won by resignation"]

1. d4 d6 2. e4 Nf6 3. f3 c5 4. d5 e5 5. c4 Be7 6. Be3 O-O 7. Qd2 Ne8 8. Nc3 g6 9. O-O-O a6 10. g4 Bh4 11. Nge2 Ng7 12. Ng3 Nd7 13. Kb1 Rb8 14. Be2 Nf6 15. Rdg1 Kh8 16. Ka1 Ng8 17. Rg2 Bd7 18.
f4 exf4 19. Bxf4 Qe7 20. Bf3 b5 21. Re2 f6 22. Nd1 Bg5 23. h4 Bxf4 24. Qxf4 Qe5 25. Qxe5 fxe5 26. Rf2 bxc4 27. Ne3 Rb4 28. h5 gxh5 29. Ngf5 hxg4 30. Bxg4 Nxf5 31. Bxf5 Bxf5 32.
Nxf5 c3 33. bxc3 Rxe4 34. Rfh2 Nf6 35. Nxd6 Re3 36. Rf1 Nd7 37. Nf7+ Rxf7 38. Rxf7 Nb6 39. Rhxh7+ Kg8 40. Rb7 Nc4 41. a4 Rxc3 42. Rhg7+ Kf8 43. Rgc7 Rc1+ 44. Ka2 Rc2+ 45. Kb1 Na3+ 46. Ka1 Rc1+ 47.
Ka2 1-0

[Event "*** Titled Tuesday Blitz"]
[Site "Chess.com"]
[Date "2020.12.29"]
[Round "1"]
[White "Agoking701"]
[Black "QuintilianoR"]
[Result "0-1"]
[WhiteElo "2342"]
[BlackElo "2660"]
[TimeControl "180+1"]
[EndTime "10:07:24 PST"]
[Termination "QuintilianoR won on time"]

1. e4 c5 2. Nf3 d6 3. d4 cxd4 4. Nxd4 Nf6 5. Nc3 a6 6. h3 e6 7. g4 Nfd7 8. Bg2 Nc6 9. Be3 Be7 10. O-O O-O 11. f4 Nxd4 12. Qxd4 Rb8 13. Rad1 b5 14. a3 Qc7 15. Qd2 Nb6 16. Qf2 Nc4 17. Bc1 Bb7 18. Qg3 Rbc8 19. Rd3 a5 20. f5 b4 21. axb4 axb4 22. Ne2 Bf6 23. Nf4 Nxb2 24. Bxb2 Bxb2 25. Kh1 Be5 26. Qh4 Qxc2 27. Rdf3 Bxe4 28. R3f2 Bxg2+ 29. Nxg2 Qe4 30. fxe6 f6 31. Re1 Qd5 32. g5 Rc4 33. Qh5 g6 34. Qh6 Qxe6 35. gxf6 Rxf6 36. Ref1 Rc3 37. Kg1 Bd4 38. Qh4 Bxf2+ 39. Rxf2 Rc1+ 40. Kh2 Qe5+ 0-1

[Event "*** Titled Tuesday Blitz"]
[Site "Chess.com"]
[Date "2020.12.29"]
[Round "1"]
[White "MelihKaanCan"]
[Black "Iball95"]
[Result "0-1"]
[WhiteElo "2319"]
[BlackElo "2621"]
[TimeControl "180+1"]
[EndTime "10:07:24 PST"]
[Termination "Iball95 won on time"]

1. e4 e5 2. Nf3 Nc6 3. Bb5 Nf6 4. O-O Nxe4 5. Re1 Nd6 6. Nxe5 Be7 7. Bf1 Nxe5 8. Rxe5 O-O 9. d4 Bf6 10. Re1 Re8 11.
d5 c6 12. Bf4 Rxe1 13. Qxe1 Bxb2 14. Bxd6 Bxa1 15. c3 b5 16. Bd3 Bb7 17. Qe4 g6 18. Be7 Qa5 19. Bf6 cxd5 20. Qh4 Qb6 21. Bd4 Qe6 22.
Qh6 f6 23. Nd2 b4 24. Bxg6 hxg6 25. Qxg6+ Kf8 26. Bxf6 d6 27. Qg7+ Ke8 28. Nf3 Qf7 29. Qh8+ Kd7 30. Qh3+ Kc7 31. Bd4 Bxc3 32. Qh4 Re8 33.
h3 Qe7 0-1

[Event "*** Titled Tuesday Blitz"]
[Site "Chess.com"]
[Date "2020.12.29"]
[Round "1"]
[White "Mikhail_Golubev"]
[Black "HouseOfDurin"]
[Result "1-0"]
[WhiteElo "2503"]
[BlackElo "2102"]
[TimeControl "180+1"]
[EndTime "10:07:24 PST"]
[Termination "Mikhail_Golubev won on time"]

1. e4 c5 2. Nf3 Nc6 3. Nc3 e5 4. Bc4 g6 5. d3 h6 6. h4 d6 7. h5 g5 8. Nh2 Bg7 9. Ng4 Nf6 10. Ne3 Be6 11. Ncd5 a6 12. Bd2 b5 13. Nxf6+ Qxf6 14. Bd5 Kd7 15. c3 Rab8 16. a4 b4 17. a5 bxc3 18. bxc3 Rb5 19. c4 Rb2 20. O-O Kc7 21. Bc3 Rbb8 22. Bxc6 Kxc6 23. Qa4+ Kc7 24. Nd5+ Bxd5 25. exd5 Rhc8 26. Rab1 Kd8 27. Rb6 Qe7 28.
Rxa6 f5 29. Rb6 Rxb6 30. axb6 Qb7 31. Rb1 Rb8 32. Qc6 Bf8 33. Ba5 Be7 34. f3 f4 35. Kh2 Bf8 36. Kh3 Ke7 37. Qc7+ Kf6 38. Kg4 Be7 39. Qc6 1-0

[Event "*** Titled Tuesday Blitz"]
[Site "Chess.com"]
[Date "2020.12.29"]
[Round "1"]
[White "MashaFromRussia"]
[Black "EugeneRougon"]
[Result "0-1"]
[WhiteElo "2407"]
[BlackElo "2772"]
[TimeControl "180+1"]
[EndTime "10:07:25 PST"]
[Termination "EugeneRougon won by checkmate"]

1. d4 d6 2. c4 g6 3. Nf3 Bg7 4. g3 Nf6 5. Bg2 O-O 6. O-O Nc6 7. Nc3 e5 8. dxe5 dxe5 9. Bg5 Be6 10. b3 h6 11. Be3 Qe7 12. Qc1 Kh7 13. Na4 Rfd8 14. Nc5 Bc8 15. Rd1 Ng4 16. Rxd8 Nxd8 17. Ne1 e4 18.
Rb1 f5 19. Nc2 b6 20. Na4 Nxe3 21. Qxe3 Bb7 22. Rd1 Nf7 23. Nc3 Rd8 24. Nd5 Qe5 25.
f3 Bxd5 26. cxd5 Rxd5 27. Rxd5 Qxd5 28. Kf2 Nd6 29. Nb4 Qd1 30. Nc6 a5 31. fxe4 Qc2 32. exf5 Nxf5 33. Qe4 Qc5+ 34. Kf1 Ne3+ 35. Ke1 Bc3+ 36.
Kf2 Ng4+ 37. Kf3 Nxh2+ 38. Kf4 Qg5# 0-1

[Event "*** Titled Tuesday Blitz"]
[Site "Chess.com"]
[Date "2020.12.29"]
[Round "1"]
[White "MokshanovAlexey"]
[Black "Sjakkerntobi"]
[Result "1-0"]
[WhiteElo "2612"]
[BlackElo "2316"]
[TimeControl "180+1"]
[EndTime "10:07:25 PST"]
[Termination "MokshanovAlexey won on time"]

1. e4 e6 2. d4 d5 3. e5 c5 4.
c3 Qb6 5. Nf3 Nc6 6. a3 Nh6 7.
b4 cxd4 8. cxd4 Nf5 9. Be3 Nxe3 10. fxe3 f6 11. exf6 gxf6 12. Bd3 Bd7 13. O-O Bh6 14.
Qe1 O-O-O 15. Nc3 Ne7 16. e4 Kb8 17. exd5 Nxd5 18. Nxd5 exd5 19. Kh1 Ka8 20. Qh4 Bg5 21.
Nxg5 fxg5 22. Qxg5 Qxd4 23. Bxh7 Bc6 24. Rad1 Qb2 25.
Rb1 Qe2 26. Rfe1 Qf2 27. b5 Bxb5 28. Qe3 Qxe3 29. Rxe3 Bc6 30. Bd3 d4 31. Re2 Rh3 32. Be4 Bxe4 33. Rxe4 Rxa3 34. h4 d3 35. Rd1 d2 36. Rxd2 Rh8 37. Kh2 a5 38. Rd5 Ka7 39. h5 1-0

[Event "*** Titled Tuesday Blitz"]
[Site "Chess.com"]
[Date "2020.12.29"]
[Round "1"]
[White "WinOrTilt"]
[Black "Alexey_Ustinov"]
[Result "0-1"]
[WhiteElo "2060"]
[BlackElo "2497"]
[TimeControl "180+1"]
[EndTime "10:07:25 PST"]
[Termination "Alexey_Ustinov won by resignation"]

1. d4 g6 2. Nf3 Bg7 3. c4 c5 4.
e3 Nf6 5. Nc3 O-O 6. Be2 cxd4 7.
exd4 d5 8. O-O Nc6 9. c5 b6 10.
cxb6 Qxb6 11. Na4 Qb8 12. Be3 Bg4 13. b3 Rc8 14. Rc1 e6 15. h3 Bxf3 16. Bxf3 Nd7 17. Nc5 Nxc5 18. Rxc5 Qb6 19. Qc1 Bf8 20. Rc2 Bd6 21.
Rd1 Rc7 22. a3 Rac8 23. b4 a5 24. bxa5 Nxa5 25. Rxc7 Rxc7 26. Qb1 Qxb1 27. Rxb1 Bxa3 28. Bh6 Rc8 29. Ra1 Bb4 30. Rb1 Bf8 31. Bf4 Nc4 32.
Rb7 Bg7 33. Be3 Nd6 34. Rb2 Nf5 35. Rd2 Rc4 36. Be2 Rb4 37. Rc2 Bxd4 38. Bf4 Kg7 39. Bd2 Rb2 40. Rxb2 Bxb2 41. g4 Nd4 42. Bd3 Nf3+ 0-1

[Event "*** Titled Tuesday Blitz"]
[Site "Chess.com"]
[Date "2020.12.29"]
[Round "1"]
[White "Pantata007"]
[Black "Aygehovit1992"]
[Result "0-1"]
[WhiteElo "2297"]
[BlackElo "2595"]
[TimeControl "180+1"]
[EndTime "10:07:27 PST"]
[Termination "Aygehovit1992 won on time"]

1. d4 d6 2. e4 Nf6 3. Nc3 g6 4. Be3 c6 5. h3 b5 6. e5 b4 7.
exf6 bxc3 8. fxe7 Bxe7 9. bxc3 Qa5 10. Qd2 Nd7 11. Nf3 Nb6 12. Bd3 Ba6 13. O-O O-O 14. Rfe1 Rfe8 15. Bxa6 Qxa6 16. Qd3 Qa4 17. Nd2 d5 18. Bf4 Bf8 19. Kf1 Rxe1+ 20. Kxe1 Qa3 21. Nb3 Nc4 22. Bc1 Qe7+ 23. Kf1 Re8 24. Bd2 Qa3 25. Bc1 Qd6 26. g3 a5 27. a4 Qd7 28. Kg2 h5 29.
Bf4 Re4 30. Nd2 Nxd2 31. Qxd2 c5 32. Re1 Qxa4 33. Rxe4 dxe4 34. d5 Qd7 35. d6 a4 36.
Qd5 Kh7 37. Qxc5 Qb7 38. Qc7 Qd5 39. c4 Qd1 40. Qxf7+ Bg7 41. Be5 Qf3+ 42. Qxf3 exf3+ 43. Kxf3 Bxe5 44. d7 Bc7 45. Ke4 a3 46. Kd5 a2 47.
Kc6 Bd8 0-1

[Event "*** Titled Tuesday Blitz"]
[Site "Chess.com"]
[Date "2020.12.29"]
[Round "1"]
[White "PavlovDanila"]
[Black "Fortitudine"]
[Result "1-0"]
[WhiteElo "2697"]
[BlackElo "2363"]
[TimeControl "180+1"]
[EndTime "10:07:28 PST"]
[Termination "PavlovDanila won by resignation"]

1. e4 c5 2. Nf3 d6 3. d4 cxd4 4. Nxd4 Nf6 5. Nc3 Nc6 6. Be3 Ng4 7. Bg5 h6 8. Bh4 g5 9. Bg3 Bg7 10. Nb3 Be6 11. Qd2 Rc8 12. h4 gxh4 13. Rxh4 Bf6 14. Rh1 Bg7 15. Be2 Nge5 16. O-O-O Nb4 17. Kb1 Nc4 18. Bxc4 Bxc4 19. a3 Nc6 20. Bf4 h5 21. Nd5 Bxb3 22. cxb3 Qa5 23. b4 Qa4 24. Rhe1 Qb3 25.
Rc1 Kf8 26. Re3 Qa4 27. Nc3 Qb3 28. Nd5 Qa4 29. Rd3 e6 30. Nc3 Qb3 31. Bxd6+ Kg8 32. Bf4 Kh7 33. Nb5 Qa4 34. Nd6 Rcd8 35. Nxf7 Rxd3 36.
Qxd3 Ne5 37. Bxe5 Bxe5 38. Nxe5 1-0

[Event "*** Titled Tuesday Blitz"]
[Site "Chess.com"]
[Date "2020.12.29"]
[Round "1"]
[White "MrTattaglia"]
[Black "TokChess"]
[Result "1-0"]
[WhiteElo "2967"]
[BlackElo "2470"]
[TimeControl "180+1"]
[EndTime "10:07:29 PST"]
[Termination "MrTattaglia won by checkmate"]

1. Nf3 Nf6 2. c4 g6 3. Nc3 d5 4.
cxd5 Nxd5 5. h4 h6 6. Qb3 Nb6 7. d4 Bg7 8. e4 Bg4 9. Be3 O-O 10. Ne5 Be6 11. Qc2 N8d7 12. Nxd7 Bxd7 13. Rd1 c6 14.
Qd2 Kh7 15. Be2 Qc7 16. Bf4 Qd8 17. Qe3 Qe8 18. e5 Nd5 19. Nxd5 cxd5 20. h5 g5 21. Bxg5 hxg5 22. h6 Bf6 23. Bd3+ Kh8 24. O-O Qd8 25. f4 g4 26. f5 Qb6 27. Rde1 Bh4 28. g3 Bxg3 29.
Qxg3 Qxd4+ 30. Kg2 Rg8 31. Rf4 Qxb2+ 32. Re2 Qc3 33.
e6 fxe6 34. fxe6 Bc6 35. Rf7 d4+ 36. Kh2 Rg5 37. Rh7+ Kg8 38. Qh4 Qc1 39. Re1 Qf4+ 40. Kg1 Rf8 41. Rg7+ Rxg7 42. hxg7 Kxg7 43. Qh7+ Kf6 44.
Qg6# 1-0

[Event "*** Titled Tuesday Blitz"]
[Site "Chess.com"]
[Date "2020.12.29"]
[Round "1"]
[White "onnoelgersma"]
[Black "OK97"]
[Result "0-1"]
[WhiteElo "2420"]
[BlackElo "2807"]
[TimeControl "180+1"]
[EndTime "10:07:29 PST"]
[Termination "OK97 won by resignation"]

1. e4 e6 2. Nf3 d5 3. Nc3 d4 4. Ne2 c5 5. Ng3 a6 6. a4 Nc6 7. Bc4 Bd6 8. d3 Nge7 9. Bd2 Ng6 10. Nh5 O-O 11. O-O Bd7 12. c3 Nge5 13.
cxd4 Nxc4 14. dxc4 cxd4 15. Nf4 Qc7 16. Nd3 f5 17.
exf5 e5 18. Re1 Bxf5 19. c5 Bxd3 20. cxd6 Qf7 21. Bg5 e4 22. Bh4 Qg6 23. Ng5 h6 24. Qb3+ Kh8 25. Qe6 Rf6 26. Qh3 hxg5 27. Bxg5+ Kg8 28.
Bxf6 Qxf6 29. d7 Rd8 30. Rad1 Ne5 31. Rc1 Nxd7 32. Rc7 Ne5 33. Rec1 Rf8 34. Qg3 e3 35. f4 Ng6 36. Qg5 Nxf4 37. Qxf6 Rxf6 38. Rxb7 Ne2+ 39. Kh1 Nxc1 0-1

[Event "*** Titled Tuesday Blitz"]
[Site "Chess.com"]
[Date "2020.12.29"]
[Round "1"]
[White "hermionegrangermagic"]
[Black "PakMaster"]
[Result "1-0"]
[WhiteElo "2566"]
[BlackElo "2269"]
[TimeControl "180+1"]
[EndTime "10:07:29 PST"]
[Termination "hermionegrangermagic won on time"]

1. e4 c5 2. Nf3 d6 3. d4 cxd4 4. Nxd4 Nf6 5. Nc3 a6 6. Be3 e5 7.
Nb3 Be7 8. h3 O-O 9. g4 Be6 10.
g5 Nfd7 11. h4 Nc6 12. Nd5 Bxd5 13. exd5 Ncb8 14. Bd3 Re8 15. Qg4 Nf8 16. h5 g6 17.
hxg6 fxg6 18. O-O-O Nbd7 19. f4 exf4 20. Bxf4 Ne5 21.
Bxe5 dxe5 22. Kb1 Bxg5 23. d6 Bf4 24. Nc5 Kg7 25. d7 Re7 26. Bc4 Qc7 27. Qh4 g5 28. Qf2 Rd8 29. Bd3 Nxd7 30. Rxh7+ Kg8 31. Nxd7 Rdxd7 32. Rxe7 Rxe7 33. Qf3 Rg7 34. Qd5+ Qf7 35. Qe4 Kf8 36. Bc4 Qe7 37. Qf5+ Ke8 38. Qc8+ 1-0